 Dungeon Crawl Stone Soup version 0.29-a0-648-g6b26cc9f40 (webtiles) character file.

Game seed: 15081555327912808038

88555 ICEMaiden the Nimble (level 15, -2/92 HPs)
             Began as a Deep Elf Conjurer on June 13, 2022.
             Was an Elder of Sif Muna.
             Collided with a rock wall (8 damage)
             ... caused by a deep elf knight
             ... on level 2 of the Orcish Mines on June 21, 2022.
             The game lasted 03:14:53 (34517 turns).

ICEMaiden the Nimble (Deep Elf Conjurer)           Turns: 34517, Time: 03:14:54

Health: -2/92      AC: 11    Str:  8    XL:     15   Next: 46%
Magic:  37/41      EV: 17    Int: 30    God:    Sif Muna [****..]
Gold:   951        SH:  8    Dex: 13    Spells: 0/37 levels left

rFire   + + .      SeeInvis +   a - +6 mace of Xotatoq {pain, Will- SInv Stlth+}
rCold   . . .      Faith    .   G - +3 buckler
rNeg    . . .      Spirit   .   p - +1 leather armour "Muzabb" {rF+}
rPois   .          Reflect  .   (no helmet)
rElec   .          Harm     .   V - +2 cloak {rCorr}
rCorr   +          Rampage  .   (no gloves)
Will    +....                   r - +2 pair of boots
Stlth   ++++......              x - amulet "Toinukun" {RegenMP Will+ Int+3 Stlth+}
HPRegen 0.25/turn               F - ring of protection from fire
MPRegen 0.67/turn               X - ring of magical power

@: very slightly contaminated
A: no striking features
a: Renounce Religion, Channel Magic, Forget Spell, Divine Exegesis


You were on level 2 of the Orcish Mines.
You worshipped Sif Muna.
Sif Muna was greatly pleased with you.
You visited 6 branches of the dungeon, and saw 25 of its levels.

You collected 2065 gold pieces.
You spent 1114 gold pieces at shops.

Inventory:

Hand Weapons
 a - the +6 mace of Xotatoq (weapon) {pain, Will- SInv Stlth+}
   (You found it on level 6 of the Dungeon)

   In the hands of one skilled in necromantic magic, it inflicts extra damage on
   living creatures.
   SInv:      It lets you see invisible.
   Will:      It decreases your willpower.
   Stlth:     It makes you more stealthy.
 b - the +4 trident of the Nice God {drain, Will++ Str-3}
   (You found it on level 3 of the Dungeon)

   A truly terrible weapon, it drains the life of any living foe it strikes.
   Str:       It affects your strength (-3).
   Will:      It greatly increases your willpower.
Missiles
 y - 4 throwing nets
Armour
 h - a +1 robe of willpower
 o - a +2 ring mail of cold resistance
 p - the +1 leather armour "Muzabb" (worn) {rF+}
   (You found it on level 12 of the Dungeon)

   rF:        It protects you from fire.
 r - a +2 pair of boots (worn)
 s - a +0 kite shield
 t - a +0 troll leather armour
 D - a +2 robe of cold resistance
 G - a +3 buckler (worn)
 V - a +2 cloak of preservation (worn)
Magical Staves
 Y - a staff of death
Jewellery
 x - the amulet "Toinukun" (around neck) {RegenMP Will+ Int+3 Stlth+}
   (You bought it in a shop on level 2 of the Dungeon)

   [amulet of magic regeneration]

   It increases your rate of magic regeneration.
   Int:       It affects your intelligence (+3).
   Will:      It increases your willpower.
   Stlth:     It makes you more stealthy.
 C - a ring of poison resistance
 F - a ring of protection from fire (left hand)
 X - a ring of magical power (right hand)
 Z - a ring of ice
Wands
 m - a wand of digging (23)
 z - a wand of mindburst (8)
 N - a wand of acid (5)
 Q - a wand of polymorph (9)
 S - a wand of charming (7)
Scrolls
 c - 2 scrolls of poison
 d - 2 scrolls of summoning {unknown}
 f - 11 scrolls of teleportation
 g - a scroll of enchant armour
 l - a scroll of torment {unknown}
 q - 2 scrolls of brand weapon {unknown}
 u - 5 scrolls of fog
 H - 2 scrolls of immolation
 I - 3 scrolls of vulnerability
 M - a scroll of amnesia {unknown}
 P - a scroll of enchant weapon {unknown}
 T - a scroll of fear {unknown}
Potions
 e - 2 potions of resistance
 i - 3 potions of lignification
 j - 3 potions of ambrosia
 n - a potion of flight
 v - 11 potions of curing
 w - 6 potions of brilliance
 A - 4 potions of haste
 B - 4 potions of magic
 E - 5 potions of berserk rage
 K - a potion of mutation
 L - a potion of heal wounds
 O - a potion of invisibility
 R - 3 potions of might
Miscellaneous
 J - a piece from Xom's chessboard (15/15)
 U - a lightning rod (4/4)


   Skills:
 * Level 10.1 Fighting
 + Level 6.5 Armour
 + Level 14.2 Dodging
 - Level 4.0 Stealth
 - Level 4.0 Shields
 + Level 11.9 Spellcasting
 + Level 10.5 Conjurations
 - Level 8.0 Hexes
 - Level 6.5 Summonings
 + Level 7.2 Necromancy
 - Level 4.0 Translocations
 - Level 3.0 Fire Magic
 + Level 4.2 Ice Magic
 + Level 6.5 Air Magic
 - Level 6.1 Poison Magic
 - Level 8.3 Invocations


You couldn't memorise any spells.
You knew the following spells:

 Your Spells              Type           Power      Damage    Failure   Level
a - Freezing Cloud        Conj/Ice/Air   28%        6-21      8%          5
b - Olgreb's Toxic Radia  Pois           53%        N/A       4%          4
c - Mephitic Cloud        Conj/Pois/Air  59%        N/A       1%          3
d - Iskenderun's Mystic   Conj/Tloc      57%        2d12      2%          4
e - Summon Guardian Gole  Hex/Summ       57%        N/A       1%          3
n - Ignite Poison         Fire/Tmut/Pois 36%        N/A       4%          3
p - Animate Dead          Necr           57%        N/A       2%          4
q - Summon Lightning Spi  Summ/Air       55%        N/A       3%          4
v - Cause Fear            Hex            30%        N/A       1%          4
x - Conjure Flame         Conj/Fire      55%        6-21      1%          3

Your spell library contained the following spells:

 Spells                   Type           Power      Damage    Failure   Level
 Magic Dart               Conj           100%       1d8       1%          1
 Necrotize                Necr           100%       1d9       1%          1
 Searing Ray              Conj           100%       2d8       1%          2
 Static Discharge         Conj/Air       62%        N/A       1%          2
 Dazzling Flash           Conj/Hex       100%       N/A       1%          3
 Inner Flame              Hex/Fire       50%        N/A       1%          3
 Fulminant Prism          Conj/Hex       32%        3d16      1%          4
 Scorch                   Fire           70%        2d9       2%          2
 Hailstorm                Conj/Ice       58%        3d13      2%          4
 Corpse Rot               Necr/Pois/Air  55%        N/A       3%          4
 Flame Wave               Conj/Fire      55%        2d11      3%          4
 Sticky Flame             Conj/Fire      55%        2d7       3%          4
 Spider Form              Tmut/Pois      36%        N/A       4%          3
 Beastly Appendage        Tmut           34%        N/A       5%          1
 Wereblood                Tmut           17%        N/A       8%          2
 Agony                    Necr           57%        N/A       8%          5
 Leda's Liquefaction      Hex/Erth       20%        N/A       10%         4
 Ice Form                 Ice/Tmut       30%        N/A       22%         4
 Petrify                  Tmut/Erth      17%        N/A       45%         4
 Summon Cactus Giant      Summ           27%        N/A       47%         6
 Orb of Destruction       Conj           34%        9d10      50%         7
 Simulacrum               Ice/Necr       25%        N/A       58%         6
 Spellforged Servitor     Conj/Summ      31%        N/A       78%         7
 Lee's Rapid Deconstruct  Erth           8%         3d8*      82%         5
 Dispersal                Tloc           20%        N/A       83%         6
 Haunt                    Necr/Summ      28%        N/A       95%         7
 Statue Form              Tmut/Erth      11%        N/A       100%        6
 Ozocubu's Refrigeration  Ice            21%        4d9       100%        7
 Storm Form               Tmut/Air       18%        N/A       100%        7
 Discord                  Hex            30%        N/A       100%        8
 Disjunction              Tloc           20%        N/A       100%        8
 Ignition                 Fire           17%        3d7       100%        8
 Infestation              Necr           28%        N/A       100%        8
 Maxwell's Capacitive Co  Air            27%        ∞         100%        8


Dungeon Overview and Level Annotations

Branches:
Dungeon (14/15)            Temple (1/1) D:4            Lair (6/6) D:9
  Swamp (1/4) Lair:2        Snake (1/4) Lair:3        Slime (0/5) Lair:5
    Orc (2/2) D:12            Elf (0/3) Orc:2        Vaults (0/5) D:13

Altars:
Ashenzari
Cheibriados
Dithmenos
Elyvilon
Fedhas
Gozag
Hepliaklqana
Kikubaaqudgha
Makhleb
Nemelex Xobeh
Okawaru
Qazlal
Ru
Sif Muna
Trog
Uskayaw
Vehumet
Wu Jian
Xom
Yredelemnul
Zin
The Shining One

Shops:
D:2 =   D:5 ?   Orc:2 (?**

Annotations:
Orc:2 Juicyj's ghost, journeyman MiGl


Message History

Confirm with . or Enter, or press ? or * to list all spells.
An electric hum fills the air.
You feel less invigorated.
Juicyj's ghost is engulfed in freezing vapours.
The deep elf knight is engulfed in blazing flames.
Unknown command.
The deep elf knight is engulfed in blazing flames.
The deep elf knight gestures at you while chanting.
The lance of force hits you!!
* * * LOW HITPOINT WARNING * * *
You are knocked back by the lance of force.
You slam into the rock wall!
* * * LOW HITPOINT WARNING * * *
Juicyj's ghost is engulfed in freezing vapours.
Juicyj's ghost hits your lightning spire.
The deep elf knight is engulfed in blazing flames.
Unknown command.
You feel much better.
Juicyj's ghost is engulfed in freezing vapours.
Juicyj's ghost hits your lightning spire.
Unknown command.
The deep elf knight casts a spell at you.
The lance of force hits you.
You are knocked back by the lance of force.
You slam into the rock wall!
* * * LOW HITPOINT WARNING * * *
Juicyj's ghost is engulfed in freezing vapours.
Unknown command.
Casting: Summon Lightning Spire (dangerous; 3% risk of failure)
Confirm with . or Enter, or press ? or * to list all spells.
Aiming: Freezing Cloud (dangerous; 8% risk of failure)
Press: ? - help, Dir - move target, f/p - deep elf knight
Aim: a deep elf knight, wielding a +0 scimitar, wearing the +1 robe "Nisi Vula" {rC++ Int+4} and wearing the ring "Reihiv" {rPois rCorr Dex+6} (almost dead, fast, slightly transparent) Juicyj's ghost is engulfed in freezing vapours.
The deep elf knight is engulfed in freezing vapours.
The deep elf knight gestures at you while chanting.
The lance of force hits you!!
* * * LOW HITPOINT WARNING * * *
You are knocked back by the lance of force.
You slam into the rock wall!
You die...

**..#.#)#..#...#.....####
*}.8.8.#.[#.........##
*#[....§§..##.....##.#
###*_....)§§8..#.....####
#.#*#....))○W.§#§....#####
..#*..8.8)#...○e§.#....#.#
..#*..#.#.#.○.§§§.#......##
..#8......#.......##......###
..#########.....@.###.......#
...### #.......#####......##
.....#####.....)#.##.......#
.[[.....#.................##
##..[...Z.[.[..[.........##
.#....[)....#[...........#
##..).....#.#...........##
###..Z)..#####..)......##
#...Z....##.#..........###


You could see a deep elf knight (fast, invisible), Juicyj's ghost (ally target)
and a friendly lightning spire (summoned).

Vanquished Creatures
  An orc warlord (Orc:1)
  Fannar (D:10)
  6 hydras
  A vault guard (D:13)
  2 boulder beetles
  5 centaur warriors
  2 two-headed ogres
  9 death yaks (Lair:4)
  A tengu warrior (D:13)
  3 orc high priests (Orc:2)
  Sonja (D:12)
  Urug (Lair:3)
  A deep elf knight (D:14)
  A death drake (shapeshifter) (D:14)
  A deep elf archer (Orc:2)
  A lindwurm (Lair:2)
  A wizard (D:14)
  Pikel (D:5)
  2 deep elf pyromancers
  6 orc knights (Orc:2)
  3 ugly things
  4 orc sorcerers (Orc:2)
  An oklob plant (Lair:4)
  A manticore (D:11)
  A cyclops (D:12)
  An elephant (Lair:3)
  4 black mambas
  2 unseen horrors
  3 kobold demonologists (D:9)
  3 gargoyles
  8 cane toads
  9 komodo dragons
  A rime drake (Lair:3)
  A tengu conjurer (D:14)
  5 trolls
  A hornet (D:9)
  A polar bear (Lair:4)
  Grinder (D:3)
  14 blink frogs
  2 slime creatures (D:12)
  26 yaks
  3 shadows
  A wraith (D:10)
  5 wyverns
  2 vampires (D:12)
  Grum (D:9)
  15 vampire mosquitoes
  A basilisk (shapeshifter) (D:14)
  3 basilisks
  A steam dragon (D:7)
  3 nagas (Lair:3)
  3 wargs
  2 acid dragons
  11 water moccasins
  2 ice beasts
  18 orc warriors
  3 sky beasts
  2 black bears
  5 ogres
  31 wolves
  4 centaurs
  4 lemures
  6 kobold brigands
  A phantom (D:5)
  Blork the orc (D:6)
  7 bullfrogs
  A necrophage (D:7)
  4 wights (D:6)
  18 killer bees
  15 electric eels
  2 howler monkeys
  2 centaur zombies (D:14)
  2 hounds
  5 jellies
  Crazy Yiuf (D:6)
  A gnoll shaman (D:7)
  15 orc priests
  3 iguanas
  18 orc wizards
  7 hell rats
  The ghost of DocClef the Sneak, a weakling DrDe (D:5)
  10 adders
  7 gnolls
  A shadow imp (D:5)
  A white imp (D:5)
  2 ufetubi
  6 orc zombies
  2 worms
  2 dart slugs
  52 orcs
  4 bats
  3 endoplasms
  3 giant cockroaches
  9 goblins
  8 hobgoblins
  9 jackals
  27 kobolds
  3 quokkas
  10 ball pythons
  3 frilled lizards
  4 rats
535 creatures vanquished.

Vanquished Creatures (collateral kills)
  Rupert (Orc:2)
  5 slime creatures
  3 vault guards
  2 catoblepae
  A two-headed ogre (Orc:2)
  A centaur warrior (D:14)
  5 death yaks
  2 orc knights (Orc:2)
  A deep elf pyromancer (D:13)
  5 ugly things
  A cyclops (D:12)
  A black mamba (Lair:6)
  5 cane toads
  A rime drake (Lair:5)
  An efreet (D:13)
  3 komodo dragons
  An ancient zyme (Lair:6)
  A tengu conjurer (D:13)
  A polar bear (Lair:6)
  5 blink frogs
  3 small abominations (Lair:6)
  A vampire (D:7)
  A centaur simulacrum (D:14)
  4 yaks
  A golden eye (shapeshifter) (D:14)
  A steam dragon (Lair:5)
  3 wargs (D:13)
  5 water moccasins
  8 orc warriors
  A centaur (D:14)
  A wolf (Lair:4)
  2 ogres (Orc:2)
  A bullfrog (Lair:4)
  A gnoll sergeant (D:13)
  2 orc priests
  3 jellies (Lair:5)
  3 orc wizards
  An orc (D:13)
  An orc zombie (Orc:2)
89 creatures vanquished.

Vanquished Creatures (others)
  3 death yaks (Lair:5)
  A deep elf knight (Orc:2)
  3 ugly thing zombies
  A cyclops (D:13)
  A cane toad (Lair:6)
  An unseen horror (D:13)
  A death yak zombie (Lair:5)
  A death drake zombie (D:14)
  A troll (Orc:2)
  2 hydra zombies (Lair:6)
  A boulder beetle zombie (D:14)
  2 yaks (Lair:5)
  An elf zombie (D:14)
  A two-headed ogre zombie (Orc:2)
  A human zombie (D:14)
  A cane toad zombie (Lair:6)
  3 orc warriors (Orc:2)
  A cyclops zombie (D:13)
  A komodo dragon zombie (Lair:6)
  2 warg zombies
  2 tengu zombies
  A troll zombie (Orc:2)
  8 yak zombies
  A polar bear zombie (Lair:6)
  3 centaur zombies (D:14)
  A basilisk zombie (D:14)
  2 ogre zombies (Orc:2)
  A gnoll zombie (D:13)
  64 orc zombies
  A jelly zombie (Lair:5)
  An orc (D:13)
  49 fungi
  91 plants
254 creatures vanquished.

Grand Total: 878 creatures vanquished

Notes
Turn   | Place    | Note
-------+----------+-------------------------------------------
     0 | D:1      | ICEMaiden the Deep Elf Conjurer began the quest for the
                  | Orb.
     0 | D:1      | Reached XP level 1. HP: 10/10 MP: 6/6
   303 | D:1      | Reached XP level 2. HP: 15/15 MP: 6/8
   306 | D:1      | Learned a level 2 spell: Searing Ray
   727 | D:1      | Reached skill level 3 in Dodging
   840 | D:1      | Found a faded altar of an unknown god.
   885 | D:1      | Reached XP level 3. HP: 20/20 MP: 6/9
  1441 | D:2      | Reached skill level 1 in Fighting
  1750 | D:2      | Found Borph's Jewellery Boutique.
  2327 | D:2      | Reached XP level 4. HP: 22/25 MP: 5/11
  2578 | D:3      | Identified the +4 trident of the Nice God {drain, Will++
                  | Str-3}
  2908 | D:3      | Noticed Grinder
  2916 | D:3      | Killed Grinder
  2917 | D:3      | Reached skill level 4 in Dodging
  2917 | D:3      | Reached skill level 5 in Conjurations
  2917 | D:3      | Reached XP level 5. HP: 31/31 MP: 2/13
  2917 | D:3      | Reached XP level 6. HP: 36/36 MP: 2/14
  3628 | D:4      | Reached skill level 5 in Dodging
  3685 | D:4      | Found a staircase to the Ecumenical Temple.
  3693 | Temple   | Entered the Ecumenical Temple
  3851 | Temple   | Became a worshipper of Sif Muna the Loreminder
  4215 | D:4      | Found a blossoming altar of Fedhas.
  4579 | D:5      | Entered Level 5 of the Dungeon
  4586 | D:5      | Reached XP level 7. HP: 37/41 MP: 8/16
  4723 | D:5      | Reached skill level 1 in Invocations
  4845 | D:5      | Reached * piety under Sif Muna
  4846 | D:5      | Reached skill level 5 in Spellcasting
  4846 | D:5      | Reached skill level 1 in Hexes
  5124 | D:5      | Found Wiloavodgh's Magic Scroll Shop.
  5136 | D:5      | Bought a scroll of blinking for 90 gold pieces
  5136 | D:5      | Bought a scroll of teleportation for 36 gold pieces
  5301 | D:5      | Found a runed translucent door.
  5310 | D:5      | Noticed DocClef's ghost (weakling DrDe)
  5321 | D:5      | Reached skill level 6 in Dodging
  5392 | D:5      | Found a shadowy altar of Dithmenos.
  6238 | D:6      | Identified the +6 mace of Xotatoq {pain, Will- SInv Stlth+}
  6243 | D:6      | Found a runed translucent door.
  6244 | D:6      | Noticed Crazy Yiuf
  6300 | D:6      | Reached XP level 8. HP: 34/48 MP: 13/18
  6303 | D:6      | Reached skill level 1 in Armour
  6903 | D:7      | Reached skill level 7 in Dodging
  7232 | D:6      | Upgraded the game from 0.29-a0-577-gafbf2c5d25 to
                  | 0.29-a0-582-ge82337ba6a
  7321 | D:6      | Noticed Pikel
  7332 | D:5      | Killed Pikel
  7333 | D:5      | Reached XP level 9. HP: 29/52 MP: 8/20
  7468 | D:5      | Killed DocClef's ghost
  7854 | D:6      | Killed Crazy Yiuf
  7952 | D:5      | Learned a level 4 spell: Cause Fear
  7957 | D:5      | Learned a level 4 spell: Iskenderun's Mystic Blast
  8021 | D:6      | Noticed Blork the orc
  8029 | D:6      | Killed Blork the orc
  8362 | D:7      | Reached skill level 5 in Fighting
  8369 | D:7      | Reached skill level 8 in Dodging
  8481 | D:7      | Reached skill level 1 in Translocations
  8614 | D:7      | Reached ** piety under Sif Muna
  9052 | D:7      | Reached skill level 1 in Shields
 10088 | D:8      | You fall into a shaft and drop 1 floor!
 10088 | D:9      | Found a staircase to the Lair.
 10197 | D:8      | Reached XP level 10. HP: 10/60 MP: 16/22
 10585 | D:9      | Noticed Grum
 10606 | D:9      | Reached skill level 5 in Hexes
 10698 | D:9      | Killed Grum
 10817 | D:9      | Reached skill level 9 in Dodging
 11177 | D:9      | Reached *** piety under Sif Muna
 11572 | D:9      | Paralysed by a hornet for 1 turns
 11676 | D:9      | Noticed an orange demon
 11681 | D:9      | Reached skill level 5 in Invocations
 11851 | D:9      | Found a shimmering altar of Xom.
 11854 | D:9      | Found a sacrificial altar of Ru.
 11857 | D:9      | Found an ancient bone altar of Kikubaaqudgha.
 11860 | D:9      | Found a glowing silver altar of Zin.
 11998 | D:9      | Learned a level 4 spell: Summon Lightning Spire
 12478 | Lair:1   | Entered Level 1 of the Lair of Beasts
 12628 | Lair:1   | Learned a level 3 spell: Mephitic Cloud
 12911 | Lair:1   | Noticed a cane toad
 12913 | Lair:1   | Reached XP level 11. HP: 66/66 MP: 17/24
 12947 | Lair:1   | Reached skill level 1 in Air Magic
 12984 | Lair:1   | Reached skill level 1 in Summonings
 12984 | Lair:1   | Reached skill level 1 in Poison Magic
 13269 | Lair:1   | Reached skill level 10 in Dodging
 14134 | Lair:1   | Reached **** piety under Sif Muna
 14898 | D:10     | Entered Level 10 of the Dungeon
 15075 | D:10     | Noticed a two-headed ogre
 15645 | D:10     | Killed a two-headed ogre
 16010 | D:10     | Noticed a deep elf pyromancer
 16021 | D:10     | Killed a deep elf pyromancer
 16138 | D:10     | Noticed Fannar
 16387 | D:11     | Found a sacrificial altar of Ru.
 16469 | D:11     | Reached XP level 12. HP: 72/72 MP: 19/26
 16982 | D:11     | Reached skill level 1 in Necromancy
 17459 | D:12     | Reached skill level 11 in Dodging
 17528 | D:12     | Noticed a six-headed hydra
 17564 | D:12     | Noticed Sonja
 17578 | D:12     | Killed Sonja
 18111 | Lair:1   | Learned a level 3 spell: Conjure Flame
 18466 | Lair:2   | Found a staircase to the Swamp.
 18495 | Lair:2   | Reached ***** piety under Sif Muna
 18673 | Lair:2   | Reached skill level 5 in Armour
 18880 | Lair:2   | Reached skill level 1 in Fire Magic
 20174 | Lair:3   | Received a gift from Sif Muna
 20635 | Lair:3   | Noticed Urug
 20877 | Lair:3   | Found a staircase to the Snake Pit.
 21220 | Lair:3   | Noticed an eight-headed hydra
 21233 | Lair:3   | Killed an eight-headed hydra
 21321 | Lair:3   | Killed Urug
 21322 | Lair:3   | Reached XP level 13. HP: 41/78 MP: 15/28
 21696 | Lair:3   | Reached skill level 12 in Dodging
 22928 | Snake:1  | Entered Level 1 of the Snake Pit
 23048 | Lair:3   | Learned a level 4 spell: Olgreb's Toxic Radiance
 23299 | Lair:4   | Reached skill level 10 in Spellcasting
 23319 | Lair:4   | Reached skill level 5 in Summonings
 24225 | Lair:5   | Reached skill level 5 in Poison Magic
 24515 | D:2      | Bought the amulet "Toinukun" {RegenMP Will+ Int+3 Stlth+}
                  | for 672 gold pieces
 24531 | D:2      | Upgraded the game from 0.29-a0-582-ge82337ba6a to
                  | 0.29-a0-648-g6b26cc9f40
 24604 | D:5      | Bought a scroll of identify for 24 gold pieces
 24604 | D:5      | Bought a scroll of teleportation for 36 gold pieces
 24604 | D:5      | Bought a scroll of teleportation for 36 gold pieces
 24854 | D:10     | Killed Fannar
 25095 | D:12     | Identified the +1 leather armour "Muzabb" {rF+}
 25571 | D:12     | Found a staircase to the Orcish Mines.
 25652 | D:12     | Reached skill level 5 in Air Magic
 26785 | D:13     | Reached skill level 5 in Necromancy
 26970 | Orc:1    | Entered Level 1 of the Orcish Mines
 26970 | Orc:1    | Noticed an orc warlord
 27042 | D:12     | Reached XP level 14. HP: 74/84 MP: 30/30
 27245 | D:13     | Reached skill level 13 in Dodging
 27573 | D:12     | Reached skill level 1 in Ice Magic
 28217 | Lair:1   | Learned a level 4 spell: Animate Dead
 28398 | Lair:5   | Learned a level 3 spell: Summon Guardian Golem
 28447 | Lair:5   | Found a staircase to the Slime Pits.
 28482 | Lair:5   | Received a gift from Sif Muna
 28483 | Lair:5   | Got Sif Muna's Handbook of Excruciating Transmigration {god
                  | gift}
 28871 | Lair:6   | Entered Level 6 of the Lair of Beasts
 29077 | Lair:6   | HP: 3/86 [eight-headed hydra (10)]
 30145 | D:13     | Found a gate to the Vaults.
 30670 | D:14     | Reached skill level 10 in Conjurations
 30954 | D:14     | Received a gift from Sif Muna
 30989 | D:14     | Got Ytusuruy's Reference Book on Unholy Arcane Weapons {god
                  | gift}
 31008 | D:14     | Found a runed translucent door.
 31055 | D:14     | Reached XP level 15. HP: 37/92 MP: 6/32
 31239 | D:13     | Learned a level 5 spell: Freezing Cloud
 31810 | Orc:1    | Killed an orc warlord
 31811 | Orc:1    | Reached skill level 14 in Dodging
 31954 | Orc:2    | Entered Level 2 of the Orcish Mines
 31987 | Orc:2    | Found a runed translucent gate.
 31989 | Orc:2    | Found a runed translucent gate.
 31995 | Orc:2    | Noticed Rupert
 32016 | Orc:2    | Killed Rupert
 32096 | Orc:2    | Found a runed translucent gate.
 32098 | Orc:2    | Noticed Juicyj's ghost (journeyman MiGl)
 32099 | Orc:2    | Identified the +1 robe "Nisi Vula" {rC++ Int+4}
 32099 | Orc:2    | Identified the ring "Reihiv" {rPois rCorr Dex+6}
 32542 | Orc:2    | Found an iron altar of Okawaru.
 32935 | Orc:2    | Found a staircase to the Elven Halls.
 33265 | Swamp:1  | Entered Level 1 of the Swamp
 33521 | Lair:3   | Learned a level 3 spell: Ignite Poison
 33729 | Orc:2    | Reached skill level 10 in Fighting
 33735 | Orc:2    | Found Nuikhoy's Antique Weapon Emporium.
 33735 | Orc:2    | Found Bixuonlu's Magic Scroll Shop.
 34026 | Orc:2    | Found Tiaxt's Assorted Antiques.
 34026 | Orc:2    | Found Beujam's Assorted Antiques.
 34040 | Orc:2    | Bought a scroll of teleportation for 39 gold pieces
 34040 | Orc:2    | Bought a scroll of enchant armour for 97 gold pieces
 34042 | Orc:2    | Bought a scroll of identify for 58 gold pieces
 34046 | Orc:2    | Bought a scroll of identify for 26 gold pieces
 34517 | Orc:2    | Collided with a rock wall

Illustrated notes

Levels and vault maps discovered:
D:1:      minmay_arrival_three_doors, layout_loops_corners,
          dreamdust_ecumenical_altar_grove, grunt_decor_mini_mirrors,
          nrook_mini_vaults, wander_ebering_terrifying_dragon_lair
D:2:      layout_loops_ring, serial_shops, shop
D:3:      layout_loops_ring, uniq_grinder
D:4:      layout_basic, mainiacjoe_overflow_paths,
          minmay_temple_entry_purple_smoke, minivault_19
D:5:      layout_cave_pods, kennysheep_little_box, ebering_ghost_sewer_d,
          serial_shops, nicolae_square_shop, minmay_fractal_squares_5
D:6:      lemuel_ice_spiral_2, layout_basic, abandoned_shop,
          uniq_crazy_yiuf_cottage, uniq_pikel, uniq_blork_the_orc
D:7:      layout_basic
D:8:      layout_basic, hellmonk_bongcloud_opening
D:9:      statuecave_lemuel, layout_basic, grunt_temple_overflow_cloverleaf,
          lair_entry_dummy, chequers_big_river, uniq_grum
D:10:     cheibrodos_two_vegetables, layout_cave_pools, dk_noncrumbling_2,
          kennysheep_generic_room_6, uniq_fannar
D:11:     layout_irregular_city, nicolae_ru_awakened_eye
D:12:     layout_irregular_city, orc_0_dummy, minmay_door_square, uniq_sonja
D:13:     layout_small_grid, lightli_vaults_fourway_checkpoint,
          columned_hall_lemuel, nooodl_orcs_dogs
D:14:     minmay_the_grid_triangle_9x9_line_8_mashed
          [minmay_the_grid_triangle_9x9_swiss_cheese,
          minmay_the_grid_triangle_9x9_flanged_cone,
          minmay_the_grid_triangle_9x9_zippers_horizontal,
          minmay_the_grid_triangle_9x9_descending_squares,
          minmay_the_grid_triangle_9x9_subtriangle,
          minmay_the_grid_triangle_9x9_cache,
          minmay_the_grid_triangle_9x9_limited_checkers,
          minmay_the_grid_triangle_9x9_prize_schism], layout_basic,
          serial_shops, shop, nicolae_gozag_cash_rules_everything_around_me,
          nicolae_qazlal_style_of_elements
Temple:   regret_index_temple_sphere_string
Lair:1:   layout_chaotic_city, grunt_forest_large_clearings
Lair:2:   layout_gridlike, swamp_mist_pool, grunt_megastairs_4
Lair:3:   nzn_winding_woodlands_cross
          [nzn_winding_woodlands_5x15_pathside_ponds,
          nzn_winding_woodlands_5x15_sawtooth,
          nzn_winding_woodlands_5x15_lazy_stream,
          nzn_winding_woodlands_5x15_zeroes,
          nzn_winding_woodlands_15x15_eel_pit], layout_regular_city,
          guppyfry_snake_entry_garden, uniq_urug
Lair:4:   layout_gridlike
Lair:5:   layout_hall_layers, minmay_slime_entry_pillars, serial_bayou_lagoon_b
Lair:6:   hellmonk_lair_end_abyssal_woods, layout_misc_corridors,
          nicolae_quartered_pool_little, minivault_25, lookout_lair_type
Swamp:1:  layout_falls_marsh, nicolae_swamp_some_circles, uniq_jorgrun
Snake:1:  layout_misc_corridors, nicolae_snake_salamander_fort, uniq_mlioglotl
Orc:1:    layout_diamond_mine
Orc:2:    grunt_orc_tribal_feast, layout_diamond_mine,
          gammafunk_ghost_fury_of_okawaru, uniq_rupert

Skill      XL: |  1  2  3  4  5  6  7  8  9 10 11 12 13 14 15 |
---------------+----------------------------------------------+-----
Dodging        | 3 4 5 6 7 8 9 10 11 12 13 14 | 14.2
Fighting       | 1 2 3 4 5 6 7 8 9 10 | 10.1
Spellcasting   | 4 5 6 7 8 9 10 11 | 11.9
Conjurations   | 5 6 7 8 9 10 | 10.5
Invocations    | 2 3 4 5 6 7 8 |  8.3
Hexes          | 2 3 4 6 7 8 |  8.0
Armour         | 2 3 4 5 6 |  6.5
Translocations | 2 3 4 |  4.0
Shields        | 1 3 4 |  4.0
Air Magic      | 2 4 5 6 |  6.5
Summonings     | 2 4 5 6 |  6.5
Poison Magic   | 2 4 5 6 |  6.1
Necromancy     | 3 5 6 7 |  7.2
Fire Magic     | 2 3 |  3.0
Ice Magic      | 3 4 |  4.2
Stealth        | 4 |  4.0

Action                   |  1- 3 |  4- 6 |  7- 9 | 10-12 | 13-15 || total
-------------------------+-------+-------+-------+-------+-------++-------
Melee: Trident           |       |       |     3 |     3 |    11 ||    17
       Mace              |       |       |       |    14 |    18 ||    32
       Staff             |       |       |       |       |     3 ||     3
 Cast: Magic Dart        |    83 |    61 |   174 |   211 |    80 ||   609
       Searing Ray       |     2 |    10 |    66 |   197 |    69 ||   344
       Iskenderun's Myst |       |       |       |    24 |    39 ||    63
       Cause Fear        |       |       |       |     6 |    16 ||    22
       Mephitic Cloud    |       |       |       |     6 |    20 ||    26
       Summon Lightning  |       |       |       |     4 |    82 ||    86
       Conjure Flame     |       |       |       |     3 |    41 ||    44
       Olgreb's Toxic Ra |       |       |       |       |   131 ||   131
       Summon Guardian G |       |       |       |       |    33 ||    33
       Animate Dead      |       |       |       |       |    21 ||    21
       Freezing Cloud    |       |       |       |       |    11 ||    11
       Ignite Poison     |       |       |       |       |     2 ||     2
Invok: Channel Magic     |       |       |       |     3 |     6 ||     9
       Forget Spell      |       |       |       |       |     2 ||     2
Evoke: Wand              |       |       |     1 |    33 |     8 ||    42
       Piece from Xom's  |       |       |       |     1 |       ||     1
  Use: Scroll            |       |     4 |     5 |     6 |    19 ||    34
       Potion            |       |       |       |     7 |     7 ||    14
 Stab: Sleeping          |       |       |     1 |     1 |       ||     2
Armor: Robe              |     1 |    11 |    28 |       |    21 ||    61
       Steam dragon scal |       |       |    14 |    63 |    19 ||    96
       Acid dragon scale |       |       |       |    74 |       ||    74
       Ring mail         |       |       |       |    32 |       ||    32
       Troll leather arm |       |       |       |       |    34 ||    34
       Leather armour    |       |       |       |       |     5 ||     5
Dodge: Dodged            |     5 |    18 |   101 |   406 |   273 ||   803
Block: Buckler           |       |       |       |   128 |   153 ||   281

Table legend: (Time is in decaauts)
 A = Elapsed time spent in this place.
 B = Non-inter-level travel time spent in this place.
 C = Inter-level travel time spent in this place.
 D = Time resting spent in this place.
 E = Time spent auto-exploring this place.
 F = Levels seen in this place.
 G = Mean time per level.
                   A        B        C        D        E       F      G
               +--------+--------+--------+--------+--------+-----+--------+
         Total |  34698 |  30918 |   3780 |   8894 |  15357 |  25 | 1387.9 |
       Dungeon |  22076 |  19460 |   2616 |   5312 |  10275 |  14 | 1576.9 |
        Temple |    171 |    152 |     19 |      0 |    136 |   1 |  171.0 |
          Lair |  10147 |   9414 |    733 |   3328 |   3926 |   6 | 1691.2 |
         Swamp |      2 |      2 |      0 |      0 |      0 |   1 |    2.0 |
     Snake Pit |      8 |      7 |      1 |      0 |      0 |   1 |    8.0 |
  Orcish Mines |   2291 |   1882 |    409 |    254 |   1020 |   2 | 1145.5 |
               +--------+--------+--------+--------+--------+-----+--------+

Top non-repeatable levels by time:
  Lair:3: 2606 daAuts
     D:9: 2574 daAuts
  Lair:1: 2333 daAuts
    D:12: 2246 daAuts
     D:5: 2148 daAuts
     D:7: 1994 daAuts
  Lair:4: 1954 daAuts
    D:13: 1922 daAuts
   Orc:2: 1868 daAuts
    D:11: 1809 daAuts
  Lair:2: 1747 daAuts
    D:10: 1562 daAuts
     D:1: 1433 daAuts
     D:6: 1297 daAuts
     D:8: 1249 daAuts
